 Dungeon Crawl Stone Soup version 0.17-a0-764-gd40c196 (webtiles) character file.

2651 tesudzi the Spear-Bearer (level 9, 0/63 HPs)
             Began as a Merfolk Skald on Apr 23, 2015.
             Was a Believer of Ashenzari.
             Slain by a jelly (1 damage)
             ... on level 8 of the Dungeon.
             The game lasted 00:31:40 (9801 turns).

tesudzi the Spear-Bearer (Merfolk Skald)            Turns: 9801, Time: 00:31:40

Health: 0/63       AC: -26   Str: 12    XL:     9   Next: 62%
Magic:  15/15      EV: 13    Int: 11    God:    Ashenzari [**....]
Gold:   473        SH:  2    Dex: 17    Spells: 5 memorised, 5 levels left

rFire  . . .     SeeInvis .     B - +4 spear
rCold  . . .     Clarity  .     m - +0 leather armour (curse)
rNeg   . . .     SustAb   .     (no shield)
rPois  +         Gourm    .     (no helmet)
rElec  .         Spirit   .     e - +0 cloak
rCorr  .         Warding  .     r - +0 pair of gloves
rMut   .         Stasis   .     h - +0 pair of boots
MR     .....                    (no amulet)
Stlth  +.........               (no ring)
                                z - ring of wizardry

@: about to teleport, corroded equipment, not resistant to hostile enchantments,
very unstealthy
A: change form in water, swift swim, large bone plates 1, poison resistance
a: Scrying, Renounce Religion


You were on level 8 of the Dungeon.
You worshipped Ashenzari.
Ashenzari was pleased with you.
You were not hungry.

You visited 1 branch of the dungeon, and saw 8 of its levels.

You collected 473 gold pieces.

Inventory:

Hand weapons
 a - a +0 spear of piercing
 B - a +4 spear (weapon)
Missiles
 g - 54 sling bullets
 k - 43 poisoned needles
 A - a throwing net (quivered)
Armour
 e - a +0 cloak (worn)
 h - a +0 pair of boots (worn)
 m - a cursed +0 leather armour (worn)
 r - a +0 pair of gloves (worn)
Jewellery
 u - an uncursed amulet of guardian spirit
 z - a ring of wizardry (left hand)
Magical devices
 j - a wand of frost (21)
 q - a wand of random effects (30)
Scrolls
 f - 2 scrolls of recharging
 n - 3 scrolls of remove curse
 s - a scroll of enchant armour {unknown}
 y - a scroll of fog
Potions
 l - a potion of magic {unknown}
 t - a potion of brilliance {unknown}
 v - a potion of curing
 x - a potion of haste
 E - a potion of agility {unknown}
Books
 c - a book of Battle

   Spells                             Type                      Level
   a - Infusion                       Charms                       1
   b - Shroud of Golubria             Charms/Translocation         2
   c - Song of Slaying                Charms                       2
   d - Spectral Weapon                Hexes/Charms                 3
   e - Regeneration                   Charms/Necromancy            3
Comestibles
 b - 3 chunks of flesh
 d - 9 bread rations
 i - 2 slices of pizza
 o - a meat ration
 p - a beef jerky


   Skills:
 * Level 3.1 Fighting
 - Level 12.7 Polearms
 - Level 0.6 Armour
 * Level 3.6 Dodging
 + Level 4.1 Spellcasting
 - Level 3.0 Hexes
 - Level 8.0 Charms


You had 5 spell levels left.
You knew the following spells:

 Your Spells              Type           Power        Failure   Level  Hunger
a - Infusion              Chrm           ###...       1%          1    #......
b - Shroud of Golubria    Chrm/Tloc      ##........   4%          2    ##.....
c - Spectral Weapon       Hex/Chrm       ##......     4%          3    ###....
d - Song of Slaying       Chrm           ###.....     1%          2    ##.....
e - Regeneration          Chrm/Necr      ##........   7%          3    ###....


Dungeon Overview and Level Annotations

Branches:
Dungeon (8/15)             Temple (0/1) D:5
   Lair: D:8-11

Altars:
Ashenzari
Cheibriados
Kikubaaqudgha
Ru
Trog
Xom
Zin


Innate Abilities, Weirdness & Mutations

You revert to your normal form in water.
You are very nimble and swift while swimming.
You are partially covered in large bone plates (AC +2, SH +2).
Your system is resistant to poisons.


Message History

Found a +0 ring mail.
An ogre comes into view. It is wielding a giant spiked club.
The ogre shouts!
A kobold comes into view. It is wielding a dagger.
Read which item? (? for menu, Esc to quit)
As you read the scroll of teleportation, it crumbles to dust.
You feel strangely unstable. The ooze hits you.
* * * LOW HITPOINT WARNING * * *
The ooze misses you. The ooze hits you.
* * * LOW HITPOINT WARNING * * *
The jelly barely misses you. You block the ooze's attack. The jelly hits you.
* * * LOW HITPOINT WARNING * * *
You are splashed with acid!
The acid corrodes your equipment!
The acid burns!
* * * LOW HITPOINT WARNING * * *
Drink which item? (? for menu, Esc to quit)
Okay, then.
The jelly hits you.
You die...

##K...#
#.....#
#..[..#
#.....#
#.....#
#....J#
#...J.#
#...JO#
#....@#
##.....#
#≈.....#
#####≈....#
#...#.....##
#.'≈.....#
#...#......#
#####≈.....##
##≈.......#


You could see an ogre, a jelly and 2 oozes.

Vanquished Creatures
  A hippogriff (D:7)
  Duvessa (D:4)
  A black bear (D:5)
  4 ogres
  A phantom (D:4)
  2 ice beasts (D:7)
  A sky beast (D:6)
  A crocodile (D:5)
  3 giant frogs (D:6)
  A gnoll sergeant (D:7)
  Dowan (D:4)
  2 scorpions
  4 killer bees (D:7)
  2 crimson imps (D:5)
  3 jellies
  A giant frog zombie (D:7)
  A centaur zombie (D:5)
  4 hounds
  5 orc wizards
  2 worker ants
  Jessica (D:2)
  A quasit (D:7)
  2 hound skeletons (D:4)
  4 gnolls (D:7)
  11 adders
  6 oozes
  6 worms
  2 adder skeletons
  6 giant geckos
  28 orcs
  16 bats
  10 goblins
  17 hobgoblins
  12 jackals
  12 kobolds
  5 quokkas
  6 giant cockroaches
  A giant gecko skeleton (D:4)
  6 giant newts
  A jackal skeleton (D:4)
  19 rats
213 creatures vanquished.

Notes
Turn   | Place    | Note
--------------------------------------------------------------
     0 | D:1      | tesudzi, the Merfolk Skald, began the quest for the Orb.
     0 | D:1      | Reached XP level 1. HP: 16/16 MP: 3/3
   261 | D:1      | Reached skill level 4 in Polearms
   261 | D:1      | Reached XP level 2. HP: 22/22 MP: 5/5
   577 | D:1      | Reached skill level 5 in Polearms
   577 | D:1      | Reached XP level 3. HP: 24/27 MP: 6/6
  1169 | D:2      | Found a bloodstained altar of Trog.
  1314 | D:2      | Noticed Jessica
  1320 | D:2      | Killed Jessica
  1320 | D:2      | Reached skill level 6 in Polearms
  1320 | D:2      | Reached XP level 4. HP: 33/33 MP: 2/7
  1701 | D:2      | Found a shimmering altar of Xom.
  1701 | D:2      | Found a snail-covered altar of Cheibriados.
  1701 | D:2      | Found a shattered altar of Ashenzari.
  1805 | D:2      | Became a worshipper of Ashenzari the Shackled
  1863 | D:2      | Reached skill level 7 in Polearms
  2256 | D:3      | Reached XP level 5. HP: 21/38 MP: 8/8
  3066 | D:3      | Reached skill level 8 in Polearms
  3540 | D:3      | Gained mutation: Your system is resistant to poisons. [potion of mutation]
  3540 | D:3      | Gained mutation: You are partially covered in large bone plates (AC +2, SH +2). [potion of mutation]
  3540 | D:3      | Gained mutation: Your spells are a little easier to cast, but a little less powerful. [potion of mutation]
  3806 | D:4      | Reached XP level 6. HP: 28/44 MP: 9/9
  3952 | D:4      | Reached skill level 9 in Polearms
  4552 | D:4      | Reached skill level 10 in Polearms
  5281 | D:4      | Reached XP level 7. HP: 32/50 MP: 10/10
  5340 | D:4      | Noticed Duvessa
  5344 | D:4      | Noticed Dowan
  5356 | D:4      | Killed Duvessa
  5367 | D:4      | Killed Dowan
  5367 | D:4      | Reached skill level 11 in Polearms
  5923 | D:5      | Entered Level 5 of the Dungeon
  6080 | D:5      | Reached XP level 8. HP: 39/56 MP: 7/11
  6169 | D:5      | Reached skill level 5 in Charms
  6491 | D:5      | Found a sacrificial altar of Ru.
  6769 | D:5      | Learned a level 2 spell: Shroud of Golubria
  6817 | D:5      | Found a staircase to the Ecumenical Temple.
  6830 | D:5      | Found a shattered altar of Ashenzari.
  7362 | D:6      | Learned a level 3 spell: Spectral Weapon
  7487 | D:6      | Lost mutation: Your spells are a little easier to cast, but a little less powerful. [mutagenic meat]
  7864 | D:6      | Reached skill level 12 in Polearms
  8006 | D:6      | Reached XP level 9. HP: 54/61 MP: 13/13
  8043 | D:6      | Reached skill level 1 in Hexes
  8569 | D:6      | Learned a level 2 spell: Song of Slaying
  8573 | D:6      | Learned a level 3 spell: Regeneration
  8886 | D:7      | Found a glowing silver altar of Zin.
  9456 | D:7      | Acquired Ashenzari's first power
  9683 | D:8      | Found an ancient bone altar of Kikubaaqudgha.
  9800 | D:8      | HP: 1/63 [acid (6)]
  9801 | D:8      | Slain by a jelly

Action                   |  1- 3 |  4- 6 |  7- 9 || total
-------------------------+-------+-------+-------++-------
Melee: Spear             |   161 |   434 |   636 ||  1231
 Cast: Infusion          |     2 |     5 |    14 ||    21
       Shroud of Golubri |       |       |     3 ||     3
       Spectral Weapon   |       |       |     3 ||     3
       Song of Slaying   |       |       |     3 ||     3
  Use: Potion            |       |     6 |     4 ||    10
       Scroll            |       |     4 |     8 ||    12
 Stab: Sleeping          |     1 |       |     2 ||     3
       Distracted        |       |     1 |       ||     1
       Fleeing           |       |       |     1 ||     1
  Eat: Chunk             |     1 |    10 |    17 ||    28
       Fruit             |       |     4 |       ||     4
